 Dungeon Crawl Stone Soup version 0.25-a0-294-gea9b1ad378 (webtiles) character file.

Game seed: 382997807770601210, levelgen mode: classic

5936 Borgoz the Cleaver (level 10, -4/64 HPs)
             Began as a Gargoyle Berserker on Dec 16, 2019.
             Was an Elder of Trog.
             Slain by Snorg (9 damage)
             ... on level 10 of the Dungeon.
             The game lasted 00:11:17 (8357 turns).

Borgoz the Cleaver (Gargoyle Berserker)             Turns: 8357, Time: 00:11:18

Health: -4/64      AC: 22    Str: 20    XL:     10   Next: 83%
Magic:  0/10       EV:  8    Int:  9    God:    Trog [****..]
Gold:   535        SH:  5    Dex: 12    Spells: 9/9 levels left

rFire    . . .     SeeInvis .   y - +3 broad axe (chop)
rCold    . . .     Gourm    .   x - +0 buckler
rNeg     + . .     Faith    .   l - +0 plate armour
rPois    ∞         Spirit   +   s - +0 helmet
rElec    +         Reflect  .   (no cloak)
rCorr    .         Harm     .   (no gloves)
MR       ++...                  (no boots)
Stlth    ..........             p - amulet of guardian spirit
HPRegen  1.20/turn              a - ring of stealth
MPRegen  0.12/turn              M - ring of flight

@: berserk cooldown, regenerating, slowed, very slow
A: negative energy resistance 1, electricity resistance, unbreathing,
petrification resistance, rot immunity, AC +7
a: Berserk, Trog's Hand, Brothers in Arms, Renounce Religion, Evoke Flight


You were on level 10 of the Dungeon.
You worshipped Trog.
Trog was greatly pleased with you.
You were very hungry.

You visited 2 branches of the dungeon, and saw 11 of its levels.

You collected 535 gold pieces.

Inventory:

Hand Weapons
 b - a +0 battleaxe
 y - a +3 broad axe of chopping (weapon)
Armour
 i - a +0 ring mail
 l - a +0 plate armour (worn)
 s - a +0 helmet (worn)
 x - a +0 buckler (worn)
Jewellery
 a - a ring of stealth (left hand)
 p - an amulet of guardian spirit (around neck)
 M - a ring of flight (right hand)
Wands
 A - a wand of disintegration (4)
 C - a wand of enslavement (12)
 D - a wand of scattershot (6)
 F - a wand of flame (9)
Scrolls
 d - 2 scrolls of fog {unknown}
 e - 2 scrolls of magic mapping {unknown}
 h - 2 scrolls of immolation {unknown}
 j - 2 scrolls of enchant weapon {unknown}
 m - 4 scrolls of teleportation {unknown}
 o - 2 scrolls of blinking {unknown}
 q - a scroll of fear {unknown}
 r - a scroll of amnesia {unknown}
 t - 5 scrolls of remove curse
 u - a scroll of random uselessness {unknown}
 z - a scroll of torment {unknown}
 H - a scroll of enchant armour {unknown}
 I - 2 scrolls of identify
Potions
 f - 2 potions of brilliance
 g - 5 potions of curing
 k - a potion of lignification {unknown}
 n - a potion of ambrosia
 v - a potion of might
 w - 2 potions of haste
 B - 2 potions of resistance
 E - a potion of heal wounds
 G - 3 potions of flight
 J - a potion of invisibility {unknown}
Comestibles
 c - 20 rations
 K - 9 chunks of flesh


   Skills:
 + Level 8.1 Fighting
 * Level 9.3 Axes
 + Level 7.8 Armour
 + Level 5.8 Dodging
 - Level 5.0 Shields


You had 9 spell levels left.
You didn't know any spells.
Your spell library was empty.

Dungeon Overview and Level Annotations

Branches:
Dungeon (10/15)            Temple (1/1) D:5             Orc (0/2) D:9
   Lair: D:8-11

Altars:
Ashenzari
Cheibriados
Dithmenos
Elyvilon
Fedhas
Gozag
Hepliaklqana
Kikubaaqudgha
Makhleb
Nemelex Xobeh
Okawaru
Qazlal
Ru
Sif Muna
Trog
Uskayaw
Vehumet
Wu Jian
Xom
Yredelemnul
Zin
The Shining One

Annotations:
D:9 2 transporters, Borgoz's ghost, novice HaFi
D:10 Snorg


Innate Abilities, Weirdness & Mutations

You are resistant to torment.
Your stone body is resilient. (AC +7)
You are immune to poison.
You resist negative energy. (rN+)
You are resistant to electric shocks. (rElec)
You can survive without breathing.
You are immune to petrification.
You are immune to rotting.


Message History

Snorg barely misses you.
Snorg rages.
You feel a strong urge to attack something.
You are no longer berserk.
You are exhausted.
You feel yourself slow down.
Evoke which item? (* to show all) (? for menu, Esc to quit)
That's the wrong kind of item! (Use * to select it.) Evoke which item? (* to show all) (? for menu, Esc to quit)
Okay, then.
Evoke which item? (* to show all) (? for menu, Esc to quit)
Aiming: Scattershot
Press: ? - help, Shift-Dir - straight line, f - Snorg
Aim: Snorg (moderately wounded, berserk, fast, unusually strong)
The burst of metal fragments hits Snorg! x3
Snorg is heavily wounded.
Snorg bites you.
* * * LOW HITPOINT WARNING * * *
Snorg claws you!
You die...

.........#............#..#
.......=##...........÷)..
..#........#............#
...........##.....<.....#
............#............
........#...÷..####......
........##......# #......
.........%......# #..####
........@T......#.#..#
......####Y......##..
..... #)†.......... ....
......#...... #..
..#.....##. .. ... #..###
. .... ..# ..... #..
#..... ##.


You could see Snorg (berserk) and a yak.

Vanquished Creatures
  A deep elf mage (D:9)
  A troll (D:9)
  2 hippogriffs
  A spriggan (D:8)
  A wyvern (D:9)
  Grum (D:8)
  3 yaks (D:10)
  2 orc warriors
  An ice beast (D:9)
  2 sky beasts
  An eye of draining (D:6)
  2 phantoms
  6 ogres
  3 wolves (D:8)
  6 centaurs
  A big kobold (D:8)
  4 bullfrogs
  6 killer bees (D:8)
  7 wights
  2 howler monkeys
  6 crimson imps
  A quasit (D:8)
  6 hounds
  2 jellies
  An orc priest (D:5)
  2 centaur skeletons
  An orc wizard (D:7)
  A bullfrog skeleton (D:9)
  3 iguanas
  6 worker ants
  A killer bee zombie (D:8)
  A worker ant zombie (D:9)
  10 adders
  3 shadow imps
  4 oozes
  2 adder skeletons
  2 dart slugs
  9 leopard geckos
  17 orcs
  A ball python (D:3)
  8 giant cockroaches
  11 goblins
  5 hobgoblins
  15 jackals
  4 quokkas
  8 bats
  5 frilled lizards
  A jackal skeleton (D:4)
  9 kobolds
  2 leopard gecko skeletons
  5 rats
205 creatures vanquished.

Notes
Turn   | Place    | Note
-------+----------+-------------------------------------------
     0 | D:1      | Borgoz the Gargoyle Berserker began the quest for the Orb.
     0 | D:1      | Reached XP level 1. HP: 14/14 MP: 1/1
    69 | D:1      | Reached XP level 2. HP: 11/19 MP: 2/2
   326 | D:1      | Reached skill level 3 in Axes
   501 | D:1      | Reached XP level 3. HP: 20/23 MP: 3/3
   762 | D:1      | Reached ** piety under Trog
   898 | D:2      | Reached XP level 4. HP: 22/29 MP: 4/4
  1665 | D:3      | Reached XP level 5. HP: 33/33 MP: 5/5
  1952 | D:3      | Found a faded altar of an unknown god.
  1969 | D:3      | Reached *** piety under Trog
  2086 | D:3      | Reached skill level 4 in Axes
  2363 | D:4      | Reached XP level 6. HP: 35/39 MP: 6/6
  3008 | D:5      | Entered Level 5 of the Dungeon
  3008 | D:5      | Noticed a sky beast
  3026 | D:5      | Killed a sky beast
  3083 | D:5      | Reached skill level 1 in Shields
  3227 | D:5      | Reached XP level 7. HP: 26/44 MP: 5/7
  3241 | D:5      | Reached skill level 5 in Axes
  3637 | D:5      | Found a staircase to the Ecumenical Temple.
  3695 | Temple   | Entered the Ecumenical Temple
  3905 | D:6      | Reached skill level 5 in Fighting
  4375 | D:6      | Reached XP level 8. HP: 43/49 MP: 6/8
  4633 | D:6      | Reached skill level 6 in Axes
  4633 | D:6      | Reached skill level 5 in Armour
  5308 | D:7      | Found an iron altar of Okawaru.
  5537 | D:7      | Reached **** piety under Trog
  5814 | D:7      | Reached XP level 9. HP: 55/55 MP: 9/9
  6140 | D:8      | Reached skill level 7 in Axes
  6221 | D:8      | Noticed Grum
  6254 | D:8      | Killed Grum
  6721 | D:8      | Reached skill level 5 in Shields
  6739 | D:8      | Reached ***** piety under Trog
  6739 | D:8      | Received a gift from Trog
  6741 | D:8      | Found an ornate altar of the Wu Jian Council.
  6813 | D:8      | Reached skill level 8 in Axes
  6813 | D:8      | Reached skill level 5 in Dodging
  6813 | D:8      | Reached XP level 10. HP: 57/63 MP: 10/10
  6998 | D:8      | Found a radiant altar of Vehumet.
  7503 | D:9      | Noticed a deep elf mage
  7514 | D:9      | Killed a deep elf mage
  7807 | D:9      | Noticed a moth of wrath
  7811 | D:9      | Noticed Borgoz's ghost (novice HaFi)
  7821 | D:9      | Found a transporter.
  7855 | D:9      | Found a transporter.
  7918 | D:9      | Found a staircase to the Orcish Mines.
  8041 | D:9      | Reached skill level 9 in Axes
  8244 | D:10     | Entered Level 10 of the Dungeon
  8333 | D:10     | Noticed Snorg
  8347 | D:10     | HP: 2/64 [Snorg (8)]
  8353 | D:10     | HP: 4/96 [Snorg (10)]
  8357 | D:10     | Slain by Snorg

Levels and vault maps discovered:
D:1:      lemuel_arrival_lava_pool, layout_basic, serial_glass, glass_columns_b,
          glass_columns_c, glass_columns_a, minivault_26
D:2:      layout_loops_ring
D:3:      layout_loops_cross, first_ration, chequers_ecumenical_altar_island
D:4:      layout_basic
D:5:      layout_rooms, minmay_temple_entry_nine_rooms
D:6:      layout_basic
D:7:      layout_gridville, kennysheep_little_box
D:8:      layout_loops_corners, the_bakery, hangedman_abyss_or_decor_stabs,
          kennysheep_diamond, hangedman_feature_mirror, uniq_grum
D:9:      layout_irregular_city, orc_0_dummy, gammafunk_ghost_berserking_beasts
D:10:     layout_cave_pools, serial_column_ruins, column_ruins_hut_ruined,
          column_ruins_hut_ruined, column_ruins_open_small,
          column_ruins_open_small, column_ruins_columns_straight,
          column_ruins_open_tiny, elyvilon_altar_1, uniq_snorg, uniq_erica
Temple:   grunt_wide_crystal_templ

Skill      XL: |  1  2  3  4  5  6  7  8  9 10 |
---------------+-------------------------------+-----
Axes           | 3 4 5 6 8 9 |  9.3
Dodging        | 2 3 4 5 |  5.8
Armour         | 3 4 5 6 7 |  7.8
Fighting       | 4 5 6 7 8 |  8.1
Shields        | 1 2 3 5 |  5.0

Action                   |  1- 3 |  4- 6 |  7- 9 | 10-12 || total
-------------------------+-------+-------+-------+-------++-------
Melee: Hand axe          |    89 |   248 |   495 |       ||   832
       Broad axe         |       |       |    12 |   119 ||   131
Invok: Berserk           |       |       |     3 |     1 ||     4
       Trog's Hand       |       |       |     1 |     1 ||     2
Evoke: Wand              |       |       |       |     2 ||     2
  Use: Scroll            |       |       |    10 |       ||    10
       Potion            |       |       |     1 |     1 ||     2
  Eat: Chunk             |       |     8 |    12 |     5 ||    25
       Ration            |       |       |     1 |       ||     1
Armor: Animal skin       |    41 |       |       |       ||    41
       Plate armour      |     5 |   181 |   344 |   116 ||   646
Dodge: Dodged            |    90 |    83 |   180 |    62 ||   415
Block: Buckler           |       |    11 |    86 |    31 ||   128

Table legend:
 A = Non-vault XP
 B = Vault XP
 C = Vault XP percentage of total XP
 D = Non-vault monster count
 E = Vault monster count
 F = Vault count percentage of total count
                 A         B        C        D         E       F
            +---------+---------+-------+---------+---------+-------
      Total |    7421 |    1060 |  12.5 |     195 |      10 |   4.9
            +---------+---------+-------+---------+---------+-------
        D:1 |      55 |       0 |   0.0 |      28 |       0 |   0.0
        D:2 |     106 |       0 |   0.0 |      27 |       0 |   0.0
        D:3 |      88 |       0 |   0.0 |      23 |       0 |   0.0
        D:4 |     124 |       0 |   0.0 |       8 |       0 |   0.0
        D:5 |     499 |       0 |   0.0 |      12 |       0 |   0.0
        D:6 |    1135 |       0 |   0.0 |      16 |       0 |   0.0
        D:7 |     603 |       0 |   0.0 |      21 |       0 |   0.0
        D:8 |    1511 |    1060 |  41.2 |      32 |      10 |  23.8
        D:9 |    2114 |       0 |   0.0 |      20 |       0 |   0.0
       D:10 |    1186 |       0 |   0.0 |       8 |       0 |   0.0
            +---------+---------+-------+---------+---------+-------
